AoeStats
← -MUNS-

Pilgrims

515491634Analyzed
4v4 RM · 25d ago on Oct 22, 2026· 36m 21s· 8 players
Game mode
Random Map
Map size
Large (8 player)
Population
200
Speed
Normal
Resources
Standard
Victory
Conquest
Starting age
Dark Age
Ending age
Imperial Age
RankedLock teamsTeams togetherTeam positionsShared explorationLock speedFull tech treeHidden civsTurbo modeCheats
Victory
Defeat
🇮🇹 Burgundians · Italy
751
+14
🇨🇭 Teutons · Switzerland
733
+15
🇩🇰 Huns · Denmark
712
+15
🇨🇭 Byzantines · Switzerland
695
+16
vs
🇧🇷 Danes · Brazil
823
-20
🇸🇪 Britons · Sweden
780
-18
🇬🇧 Huns · United Kingdom
615
-12
🇬🇧 Cumans · United Kingdom
585
-10
madnessss86
4:59 Loom
13:25 Feudal Age
21:16 Man-at-Arms
25:11 Castle Age
24:51 Wheelbarrow
24:26 Scale Barding Armor
24:32 Forging
24:24 Scale Mail Armor
24:25 Padded Archer Armor
24:16 Fletching
24:28 Horse Collar
24:47 Double-Bit Axe
26:01 Gold Mining
26:02 Stone Mining
26:38 Squires
26:24 Gambesons
30:46 Heavy Plow
35:39 Imperial Age
34:21 Husbandry
37:03 Conscription
MuchJaguar3116
4:16 Loom
13:12 Feudal Age
14:29 Double-Bit Axe
15:50 Man-at-Arms
16:16 Arson
16:32 Fishing Lines
18:43 Horse Collar
19:04 Stone Mining
22:11 Castle Age
22:21 Long Swordsman
22:47 Gambesons
23:03 Squires
23:38 Bow Saw
24:08 Pikeman
24:48 Squires
29:34 Fervor
29:51 Crossbowman
29:52 Elite Skirmisher
31:16 Gillnets
36:31 Wheelbarrow
35:47 Town Watch
35:56 Gold Mining
36:46 Stone Shaft Mining
EXG --- Mistico
12:19 Feudal Age
18:44 Castle Age
20:04 Wheelbarrow
20:01 Double-Bit Axe
20:30 Murder Holes
21:59 Ballistics
22:22 Fletching
23:05 Bodkin Arrow
23:34 Hand Cart
23:43 Bow Saw
33:00 Loom
39:04 Imperial Age
Renju94
0:37 Double-Bit Axe
7:22 Double-Bit Axe
13:45 Feudal Age
15:28 Gold Mining
16:32 Bow Saw
17:47 Gold Shaft Mining
21:32 Castle Age
19:34 Fletching
20:32 Padded Archer Armor
21:48 Crossbowman
22:26 Bodkin Arrow
23:53 Leather Archer Armor
26:45 Stone Mining
27:22 Forging
27:49 Scale Barding Armor
29:24 Cavalier
35:08 Imperial Age
32:37 Elite Skirmisher
34:17 Husbandry
35:03 Iron Casting
Zak 666 x
6:09 Loom
15:30 Feudal Age
16:46 Wheelbarrow
15:58 Town Watch
18:20 Double-Bit Axe
18:55 Horse Collar
27:05 Gold Mining
28:20 Stone Mining
Ziggyman321
8:21 Loom
12:42 Feudal Age
14:32 Fishing Lines
-MUNS-
17:24 Feudal Age
25:56 Castle Age
33:51 Crossbowman
Pilgrim
6:50 Loom
10:56 Feudal Age
13:48 Man-at-Arms
14:42 Arson
17:29 Double-Bit Axe
18:53 Fishing Lines
22:28 Castle Age
25:31 Horse Collar
27:05 Scale Mail Armor
27:15 Forging
28:31 Elite Skirmisher
29:39 Gillnets
31:42 Heavy Plow
35:23 Fletching
Connection lost

Rejoining the realm…

Still unreachable

The connection could not be restored.

Session expired

The server has moved on; the page needs a fresh start.